 Dungeon Crawl Stone Soup version 0.20-a0-556-g892c87b (webtiles) character file.

33 seren the Chopper (level 3, -1/33 HPs)
             Began as a Deep Dwarf Fighter on Feb 4, 2017.
             Slain by Sigmund
             ... wielding a +0 scythe of slicing
              (4 damage)
             ... on level 2 of the Dungeon.
             The game lasted 00:05:09 (1025 turns).

seren the Chopper (Deep Dwarf Fighter)              Turns: 1025, Time: 00:05:09

Health: -1/33      AC:  6    Str: 25    XL:     3   Next: 12%
Magic:  3/3        EV:  7    Int:  8    God:
Gold:   88         SH: 10    Dex: 12    Spells: 2/2 levels left

rFire    . . .     SeeInvis .   a - +0 war axe
rCold    . . .     Gourm    .   b - +0 scale mail
rNeg     . . .     Faith    .   c - +0 shield
rPois    .         Spirit   .   (no helmet)
rElec    .         Reflect  .   (no cloak)
rCorr    .         Harm     .   (no gloves)
MR       .....                  (no boots)
Stlth    ..........             (no amulet)
Regen    0.0/turn               (no ring)
                                (no ring)

@: mighty, non-regenerating
A: damage resistance, recharge devices, sense surroundings 1, slow regeneration
3
a: Heal Wounds


You were on level 2 of the Dungeon.
You were not hungry.

You visited 1 branch of the dungeon, and saw 2 of its levels.

You collected 88 gold pieces.

Inventory:

Hand Weapons
 a - a +0 war axe (weapon)
Armour
 b - a +0 scale mail (worn)
 c - a +0 shield (worn)
Jewellery
 j - an uncursed ring of poison resistance {unknown}
Scrolls
 h - a scroll of amnesia {unknown}
 k - a scroll of teleportation {unknown}
 o - a scroll of immolation {unknown}
 p - a scroll of identify {unknown}
Potions
 e - a potion of mutation {unknown}
 i - a potion of resistance {unknown}
 m - a potion of invisibility {unknown}
 n - a potion of heal wounds {unknown}
Comestibles
 f - a bread ration
 g - 6 chunks of flesh
 l - 3 fruits


   Skills:
 - Level 2.6 Fighting
 + Level 4.0 Axes
 - Level 3.2 Armour
 - Level 3.2 Shields


You had 2 spell levels left.
You didn't know any spells.

Dungeon Overview and Level Annotations

Branches:
Dungeon (2/15)

Altars:

Annotations:
D:2 Sigmund


Innate Abilities, Weirdness & Mutations

You are resistant to damage.
You can recharge devices by infusing magical energy.
You passively map a small area around you.
You do not regenerate.


Message History

Sigmund hits you with a scythe of slicing.
You hit Sigmund.
Sigmund is moderately wounded.
Sigmund mumbles some strange words.
Sigmund flickers and vanishes!
Deactivating autopickup; reactivate with Ctrl-A.
No target in view!
No target in view!
You slash something!
You hear some strange, mumbled words.
Something tries to affect you, but you resist.
Something hits you!
You closely miss something. Something hits you!
* * * LOW HITPOINT WARNING * * *
x2 You closely miss something.
You hit something but do no damage.
You hear some strange, mumbled words.
Something tries to affect you, but you resist.
Something hits you.
You die...

#.....#..# ,,, #
#######.######.# * ,
........######.# #
.######.....##.# .. ,
#.....##.#*###..#**, ,
#####*#.....##.##.....
,.....##.....##....##.##*
.......................
...(........##.@###.###*
.....##.....##..{...###
#####*#.....#.........##..
, ##....(..###.......#
###........<(.#####.#* * *
#.......#.@##.)..#
....#..#####.......#
..##....# ###.....# * .
#...## ##....# *


There were no monsters in sight!

Vanquished Creatures
  An ooze (D:1)
  2 dart slugs (D:1)
  3 leopard geckos (D:1)
  A giant cockroach (D:1)
  A goblin (D:1)
  3 hobgoblins
  3 bats
  6 frilled lizards
  2 kobolds
  2 rats
24 creatures vanquished.

Vanquished Creatures (others)
  4 toadstools (D:1)
4 creatures vanquished.

Grand Total: 28 creatures vanquished

Notes
Turn   | Place    | Note
-------+----------+-------------------------------------------
     0 | D:1      | seren the Deep Dwarf Fighter began the quest for the Orb.
     0 | D:1      | Reached XP level 1. HP: 20/20 MP: 1/1
   200 | D:1      | Reached skill level 3 in Axes
   202 | D:1      | Reached XP level 2. HP: 22/27 MP: 2/2
   844 | D:1      | Reached XP level 3. HP: 28/33 MP: 3/3
   866 | D:2      | Noticed Sigmund
   976 | D:2      | Reached skill level 4 in Axes
  1025 | D:2      | Slain by Sigmund

Vault maps used:
D:1:      ldierk_walled_garden_2
D:2:      uniq_sigmund

Skill      XL: |  1  2  3 |
---------------+----------+-----
Axes           | 3 4 |  4.0
Fighting       | |  2.6
Armour         | |  3.2
Shields        | |  3.2

Action                   || total
-------------------------++-------
Melee: War axe           ||    67
  Use: Potion            ||     1
Armor: Scale mail        ||    29
Dodge: Dodged            ||    17
Block: Shield            ||    36
